 Dungeon Crawl Stone Soup version 0.29.1-12-g30fa7ad0bf (webtiles) character file.

Game seed: 1424262286613382550

63 Radix the Digger (level 4, -10/24 HPs)
             Began as a Gargoyle Earth Elementalist on Jan 4, 2023.
             Mangled by a gnoll
             ... wielding a +2 halberd of protection
              (15 damage)
             ... on level 2 of the Dungeon.
             The game lasted 00:05:55 (1096 turns).

Radix the Digger (Gargoyle Earth Elementalist)      Turns: 1096, Time: 00:05:56

Health: -10/24     AC:  5    Str: 11    XL:     4   Next: 10%
Magic:  1/8        EV: 15    Int: 18    God:
Gold:   91         SH:  0    Dex: 10    Spells: 5/9 levels left

rFire   . . .      SeeInvis .   h - +4 flail (venom)
rCold   . . .      Faith    .   (no shield)
rNeg    + . .      Spirit   .   a - +0 robe
rPois   ∞          Reflect  .   (no helmet)
rElec   +          Harm     .   (no cloak)
rCorr   .          Rampage  .   (no gloves)
Will    .....                   (no boots)
Stlth   ++........              (no amulet)
HPRegen 0.08/turn               i - +4 ring of evasion
MPRegen 0.11/turn               (no ring)

@: no status effects
A: sickness immunity, AC +3, negative energy resistance 1, electricity
resistance, torment resistance 1, petrification resistance
a: no special abilities


You were on level 2 of the Dungeon.
You visited 1 branch of the dungeon, and saw 2 of its levels.

You collected 91 gold pieces.

Inventory:

Hand Weapons
 h - a +4 flail of venom (weapon)
Armour
 a - a +0 robe (worn)
 m - a +0 cloak
 n - a +0 leather armour
Jewellery
 i - a +4 ring of evasion (left hand)
Scrolls
 c - a scroll of identify {unknown}
 e - 2 scrolls of immolation
 f - 2 scrolls of summoning {unknown}
 l - a scroll of poison {unknown}
 o - a scroll of fear {unknown}
 p - a scroll of noise {unknown}
 q - a scroll of teleportation {unknown}
Potions
 b - a potion of magic
 d - a potion of attraction {unknown}
 g - 2 potions of curing {unknown}
 j - a potion of cancellation {unknown}
 k - a potion of flight {unknown}
 r - a potion of lignification {unknown}


   Skills:
 - Level 1.5 Dodging
 - Level 2.1 Stealth
 + Level 3.0 Spellcasting
 + Level 1.2 Conjurations
 - Level 0.7 Transmutations
 + Level 4.7 Earth Magic


You had 5 spell levels left.
You knew the following spells:

 Your Spells              Type           Power      Damage    Failure   Level
a - Sandblast             Erth           38%        2d10      2%          1
b - Stone Arrow           Conj/Erth      26%        3d8       14%         3

Your spell library contained the following spells:

 Spells                   Type           Power      Damage    Failure   Level
 Passwall                 Tmut/Erth      10%        N/A       9%          2
 Dazzling Flash           Conj/Hex       8%         N/A       36%         3
 Petrify                  Tmut/Erth      12%        N/A       47%         4
 Agony                    Necr           2%         N/A       99%         5
 Silence                  Hex/Air        1%         N/A       99%         5


Dungeon Overview and Level Annotations

Branches:
Dungeon (2/15)

Altars:

Portals:
Abyss: D:1***


Innate Abilities, Weirdness & Mutations

You are immune to sickness and miasma.
Your stone body is resilient. (AC +3)
You are immune to poison.
You resist negative energy. (rN+)
You are resistant to electric shocks. (rElec)
You are resistant to unholy torment.
You are immune to petrification.


Message History

Press: ? - help, Q - select action Shift-Dir - straight line, f/p - gnoll
Aim: a gnoll, wielding a +0 spear (almost dead, 84% to hit)
The blast of sand hits the gnoll.
The gnoll is heavily wounded.
The gnoll hits you from afar with a +0 spear.
The gnoll hits you with a +0 club. The gnoll barely misses you.
The gnoll closely misses you.
Aiming: Sandblast (safe; 2% risk of failure)
Press: ? - help, Q - select action Shift-Dir - straight line, f/p - gnoll
Aim: a gnoll, wielding a +0 spear (almost dead, 84% to hit)
The blast of sand hits the gnoll.
You kill the gnoll!
The gnoll completely misses you.
Your Conjurations skill increases to level 1!
Aiming: Sandblast (safe; 2% risk of failure)
Press: ? - help, Q - select action Shift-Dir - straight line, f/p - gnoll
Aim: a gnoll, wielding a +0 spear (almost dead, 84% to hit)
The blast of sand hits the gnoll.
You kill the gnoll!
The gnoll closely misses you.
Your Spellcasting skill increases to level 3!
You have reached level 4!
You feel clever.
Aiming: Sandblast (safe; 2% risk of failure)
Press: ? - help, Q - select action Shift-Dir - straight line, f - gnoll
Aim: a gnoll, wielding a +2 halberd of protection (84% to hit)
The blast of sand hits the gnoll.
The gnoll is lightly wounded.
The gnoll hits you from afar with a +2 halberd of protection.
Aiming: Sandblast (safe; 2% risk of failure)
Press: ? - help, Q - select action Shift-Dir - straight line, f/p - gnoll
Aim: a gnoll, wielding a +2 halberd of protection (lightly wounded, 84% to hit)
The blast of sand hits the gnoll.
The gnoll is moderately wounded.
The gnoll barely misses you.
The gnoll hits you from afar with a +0 halberd.
* * * LOW HITPOINT WARNING * * *
The gnoll hits you from afar with a +2 halberd of protection!
Ouch! That really hurt!
You die... ########## ....$... ....... #### ..... .... .... #... #gg

#...# #)#.# #
#....#######@#.# .
#............#.# .#
...#.#..###.#.##.###
#...## #.........
###.## ##......<.#
#..####.(......### ###
####........#........
..###......####.#..#...
##.#...##.#..##..#..#.#


You could see 2 gnolls.

Vanquished Creatures
  An adder (D:2)
  2 gnolls (D:2)
  4 ball pythons
  2 bats (D:1)
  An endoplasm (D:1)
  3 giant cockroaches (D:1)
  3 goblins
  6 hobgoblins
  A kobold (D:2)
  3 quokkas (D:1)
  3 frilled lizards
  4 rats
33 creatures vanquished.

Notes
Turn   | Place    | Note
-------+----------+-------------------------------------------
     0 | D:1      | Radix the Gargoyle Earth Elementalist began the quest for
                  | the Orb.
     0 | D:1      | Reached XP level 1. HP: 10/10 MP: 3/3
    32 | D:1      | Found a faded altar of an unknown god.
   147 | D:1      | Reached XP level 2. HP: 15/15 MP: 0/5
   262 | D:1      | Reached skill level 4 in Earth Magic
   668 | D:1      | Reached XP level 3. HP: 19/19 MP: 4/6
   807 | D:2      | Learned a level 3 spell: Stone Arrow
  1094 | D:2      | Reached skill level 1 in Conjurations
  1095 | D:2      | Reached XP level 4. HP: 14/24 MP: 2/8
  1096 | D:2      | Mangled by a gnoll

Illustrated notes

Levels and vault maps discovered:
D:1:      minmay_arrival_glassed_features, layout_basic,
          hellmonk_ecumenical_altar_blasted, minmay_stone_trees_small
D:2:      layout_rooms

Skill      XL: |  1  2  3 |
---------------+----------+-----
Earth Magic    | 4 |  4.7
Conjurations   | 1 |  1.2
Spellcasting   | 3 |  3.0
Dodging        | |  1.5
Stealth        | |  2.1
Transmutations | |  0.7

Action                   |  1- 3 |  4- 6 || total
-------------------------+-------+-------++-------
Melee: Unarmed           |     5 |       ||     5
 Cast: Sandblast         |    46 |     2 ||    48
Armor: Robe              |     5 |       ||     5
Dodge: Dodged            |    14 |     1 ||    15
